 Dungeon Crawl Stone Soup version 0.26.1-11-gd32895ea62 (webtiles) character file.

Game seed: 9996107282619774924

9292 ubername the Basher (level 11, 0/142 HPs)
             Began as a Minotaur Berserker on May 14, 2021.
             Was a High Priest of Trog.
             Slain by a minotaur
             ... wielding the +3 halberd "Grum" {vorpal, rPois rF+++ Int+4 Dex-5}
              (26 damage)
             ... in a Gauntlet.
             The game lasted 00:21:23 (11175 turns).

ubername the Basher (Minotaur Berserker)           Turns: 11175, Time: 00:21:24

Health: 0/142      AC: 13    Str: 23    XL:     11   Next: 21%
Magic:  19/19      EV: 13    Int:  5    God:    Trog [*****.]
Gold:   542        SH:  7    Dex: 18    Spells: 10/10 levels left

rFire    + + +     SeeInvis .   b - +5 mace of Fate {drain, rF+ Dex+7}
rCold    . . .     Faith    .   u - +2 buckler
rNeg     + . .     Spirit   .   G - +0 fire dragon scales
rPois    .         Reflect  .   (helmet restricted)
rElec    .         Harm     .   E - scarf {rC+ rF+}
rCorr    .         Rampage  .   r - +0 pair of gloves
Will     .....     Clarity  +   w - +0 pair of boots Stlth ..........NoTele +
                                p - amulet of the acrobat
HPRegen  0.33/turn              i - ring of positive energy
MPRegen  0.16/turn              y - ring "Cutalasi" {MP+9 Stlth+}

@: mighty, berserking, hasted, very quick
A: retaliatory headbutt, horns 2, clarity, mutation resistance 1, wild magic 2
a: Renounce Religion, Berserk, Trog's Hand, Brothers in Arms


You were in a Gauntlet.
You worshipped Trog.
Trog was extremely pleased with you.
You visited 1 branch of the dungeon, and saw 11 of its levels.
You also visited: Gauntlet.

You collected 1093 gold pieces.
You spent 551 gold pieces at shops.

Inventory:

Hand Weapons
 a - a +2 scimitar of flaming
 b - the +5 mace of Fate (weapon) {drain, rF+ Dex+7}
   (You found it on level 6 of the Dungeon)

   A truly terrible weapon, it drains the life of those it strikes.
   It affects your dexterity (+7).
   It protects you from fire.
 m - a +1 rapier of draining
Missiles
 o - 55 poisoned darts (quivered)
Armour
 r - a +0 pair of gloves (worn)
 u - a +2 buckler (worn)
 v - a +2 cloak of poison resistance
 w - a +0 pair of boots (worn)
 E - a scarf of resistance (worn)
 G - +0 fire dragon scales (worn)
Jewellery
 i - a ring of positive energy (left hand)
 p - an amulet of the acrobat (around neck)
 y - the ring "Cutalasi" (right hand) {MP+9 Stlth+}
   (You found it in a Gauntlet)

   [ring of magical power]

   It affects your magic capacity (+9).
   It makes you more stealthy.
Wands
 g - a wand of iceblast (15)
 k - a wand of digging (8)
 l - a wand of polymorph (8)
 s - a wand of flame (17)
Scrolls
 c - a scroll of enchant armour
 d - 4 scrolls of identify
 e - 5 scrolls of teleportation
 f - 6 scrolls of remove curse
 j - 2 scrolls of immolation
 q - 3 scrolls of fog
 t - 5 scrolls of enchant weapon
 x - a scroll of vulnerability {unknown}
Potions
 h - 3 potions of curing
 n - a potion of magic
 z - a potion of heal wounds
 A - a potion of might
 B - 3 potions of flight
 F - 2 potions of berserk rage
Miscellaneous
 D - a phial of floods


   Skills:
 + Level 8.5 Fighting
 + Level 6.6(9.1) Short Blades
 * Level 10.5(11.4) Long Blades
 * Level 11.0 Maces & Flails
 + Level 0.9 Throwing
 + Level 8.2 Armour
 + Level 5.1 Dodging
 + Level 2.1 Stealth
 + Level 2.1 Shields


You had 10 spell levels left.
You didn't know any spells.
Your spell library contained the following spells:

 Spells                   Type           Power        Failure   Level
 Foxfire                  Conj/Fire      0%           95%         1
 Sandblast                Erth           0%           95%         1
 Summon Small Mammal      Summ           0%           95%         1
 Call Imp                 Summ           0%           98%         2
 Passwall                 Tmut/Erth      0%           98%         2
 Call Canine Familiar     Summ           0%           100%        3
 Conjure Flame            Conj/Fire      0%           100%        3
 Inner Flame              Hex/Fire       0%           100%        3
 Stone Arrow              Conj/Erth      0%           100%        3
 Summon Guardian Golem    Hex/Summ       0%           100%        3
 Petrify                  Tmut/Erth      0%           100%        4
 Sticky Flame             Conj/Fire      0%           100%        4
 Summon Ice Beast         Ice/Summ       0%           100%        4
 Summon Lightning Spire   Summ/Air       0%           100%        4
 Fireball                 Conj/Fire      0%           100%        5
 Lee's Rapid Deconstruct  Erth           0%           100%        5


Dungeon Overview and Level Annotations

Branches:
Dungeon (11/15)            Temple (0/1) D:7            Lair (0/6) D:8
Gauntlet (1/1)
    Orc: D:9-12

Altars:
Dithmenos
Hepliaklqana
Ru
Trog
Xom
Yredelemnul

Shops:
D:4 [   D:7 [   D:9 ?   D:10 ?

Annotations:
Gauntlet 3 transporters, 2 runed translucent doors


Innate Abilities, Weirdness & Mutations

You reflexively headbutt those who attack you in melee.
You have a pair of horns on your head.
You possess an exceptional clarity of mind.
You are somewhat resistant to further mutation.
Your spells are harder to cast, but more powerful.


Message History

You feel yourself speed up.
The minotaur throws a silver javelin.
The silver javelin pierces through you!!
The silver sears you!
You feel very mighty all of a sudden.
The minotaur throws a silver javelin.
The silver javelin pierces through you!!
The silver sears you!
There is an open door here.
A red film seems to cover your vision as you go berserk!
You feel yourself moving faster!
You feel mighty! You block the minotaur's attack.
You feel a strong urge to attack something.
The minotaur hits you with the +3 halberd "Grum" {vorpal, rPois rF+++ Int+4 Dex-5}!!!
* * * LOW HITPOINT WARNING * * *
x2 The minotaur completely misses you.
You barely miss the minotaur. You sock the minotaur! You headbutt the minotaur!
The minotaur is moderately wounded.
The minotaur hits you with the +3 halberd "Grum" {vorpal, rPois rF+++ Int+4 Dex-5}!!
You die...

....# .♣.# #.
#.##......##..♣.
..##.##.♣.#..P..
#....##...#.♣P..
..##.##....©.#.P...
#....##.##...#.....
######....##.©.#.....
#∩.H@'.##......#..∩..
########(##.##.©.#.....
#..##.##....##...#.....
##....##.##....©.#.....
##.##....##.##...#.♣P..
#..##.##....##.♣.#...P.
##....##.##......##..♣.
####....##.##.♣.###.P.
##########...##≈...


You could see a minotaur.

Vanquished Creatures
  Erica (D:8)
  2 two-headed ogres (D:9)
  A thrashing horror (Gauntlet)
  An ice devil (Gauntlet)
  3 yaks (D:9)
  2 wyverns (D:8)
  A basilisk (D:8)
  4 small abominations (Gauntlet)
  A spectral cane toad (Gauntlet)
  6 water moccasins
  2 ice beasts (D:7)
  6 orc warriors
  6 sky beasts
  3 black bears (D:8)
  A phantom (D:8)
  2 wolves (D:8)
  A centaur (D:6)
  4 ogres
  A gnoll sergeant (D:8)
  A big kobold (D:8)
  4 bullfrogs
  A water moccasin zombie (D:8)
  5 scorpions
  A wight (D:7)
  4 killer bees (D:7)
  A howler monkey (D:6)
  A bullfrog zombie (D:6)
  3 orc priests
  A centaur zombie (D:5)
  2 jellies (D:8)
  4 hounds
  8 orc wizards
  3 iguanas
  A gnoll shaman (D:4)
  12 worker ants
  A killer bee zombie (D:9)
  A hound zombie (D:8)
  4 hound skeletons
  A howler monkey zombie (D:7)
  3 worker ant zombies
  15 gnolls
  2 howler monkey skeletons
  5 adders
  2 shadow imps
  5 white imps
  3 ufetubi
  2 oozes
  An adder skeleton (D:4)
  A worm (D:3)
  2 dart slugs
  6 leopard geckos
  37 orcs
  2 ball pythons
  8 giant cockroaches
  7 goblins
  10 hobgoblins
  5 jackals
  A quokka (D:7)
  3 bats
  4 frilled lizards
  A jackal zombie (D:6)
  13 kobolds
  A leopard gecko zombie (D:7)
  6 rats
252 creatures vanquished.

Vanquished Creatures (others)
  2 fungi (D:8)
  21 plants
23 creatures vanquished.

Grand Total: 275 creatures vanquished

Notes
Turn   | Place    | Note
-------+----------+-------------------------------------------
     0 | D:1      | ubername the Minotaur Berserker began the quest for the
                  | Orb.
     0 | D:1      | Reached XP level 1. HP: 19/19 MP: 0/0
   202 | D:1      | Reached XP level 2. HP: 27/27 MP: 1/1
   555 | D:1      | Reached XP level 3. HP: 32/33 MP: 2/2
   613 | D:1      | Reached ** piety under Trog
  1423 | D:2      | Reached XP level 4. HP: 40/41 MP: 3/3
  2276 | D:3      | Found a bloodstained altar of Trog.
  2276 | D:3      | Found a hazy altar of Hepliaklqana.
  2368 | D:3      | Reached skill level 5 in Long Blades
  2582 | D:4      | Gained mutation: Your spells are a little harder to cast,
                  | but a little more powerful. [potion of mutation]
  2582 | D:4      | Gained mutation: You possess an exceptional clarity of
                  | mind. [potion of mutation]
  2582 | D:4      | Gained mutation: You are somewhat resistant to further
                  | mutation. [potion of mutation]
  2582 | D:4      | Gained mutation: Your spells are harder to cast, but more
                  | powerful. [potion of mutation]
  2632 | D:4      | Found a basalt altar of Yredelemnul.
  2668 | D:4      | Reached skill level 5 in Fighting
  2668 | D:4      | Reached XP level 5. HP: 43/48 MP: 4/4
  2940 | D:4      | Found Nomnah's Antique Armour Emporium.
  2956 | D:4      | Reached skill level 1 in Short Blades
  2961 | D:4      | Reached *** piety under Trog
  2963 | D:4      | Reached XP level 6. HP: 56/56 MP: 5/5
  4030 | D:5      | Entered Level 5 of the Dungeon
  4179 | D:5      | Found a shadowy altar of Dithmenos.
  4622 | D:6      | Noticed an orc warrior
  4640 | D:6      | Killed an orc warrior
  4641 | D:6      | Reached skill level 5 in Armour
  4641 | D:6      | Reached XP level 7. HP: 50/62 MP: 6/6
  4954 | D:6      | Reached skill level 5 in Short Blades
  5104 | D:6      | Got a jewelled mace
  5124 | D:6      | Identified the +5 mace of Fate {drain, rF+ Dex+7} (You
                  | found it on level 6 of the Dungeon)
  5144 | D:6      | Reached XP level 8. HP: 70/70 MP: 7/7
  6003 | D:7      | Reached skill level 1 in Maces & Flails
  6003 | D:7      | Found a staircase to the Ecumenical Temple.
  6004 | D:7      | Found Utilug's Antique Armour Boutique.
  6014 | D:7      | Bought a crude troll leather armour for 540 gold pieces
  6024 | D:7      | Identified the +4 troll leather armour of Cocytus {Will+
                  | Regen+ rCorr MP+9 Str-4} (You bought it in a shop on level
                  | 7 of the Dungeon)
  6120 | D:7      | Reached skill level 2 in Maces & Flails
  6240 | D:7      | Reached skill level 3 in Maces & Flails
  6247 | D:7      | Reached skill level 1 in Stealth
  6249 | D:7      | Reached **** piety under Trog
  6322 | D:7      | Reached skill level 4 in Maces & Flails
  6354 | D:7      | Reached skill level 5 in Maces & Flails
  6354 | D:7      | Reached XP level 9. HP: 55/78 MP: 8/8
  6747 | D:7      | Reached skill level 6 in Maces & Flails
  7447 | D:8      | Reached skill level 7 in Maces & Flails
  7556 | D:8      | Reached skill level 8 in Maces & Flails
  7739 | D:8      | Noticed Erica
  7746 | D:8      | Killed Erica
  7747 | D:8      | Reached skill level 9 in Maces & Flails
  7747 | D:8      | Reached XP level 10. HP: 66/86 MP: 9/9
  7893 | D:8      | Found a sacrificial altar of Ru.
  8001 | D:8      | Reached ***** piety under Trog
  8067 | D:8      | Reached skill level 10 in Maces & Flails
  8092 | D:8      | Found a staircase to the Lair.
  8642 | D:8      | Reached skill level 1 in Shields
  9116 | D:9      | Noticed a two-headed ogre
  9120 | D:9      | Killed a two-headed ogre
  9318 | D:9      | Got a heavily jewelled robe
  9329 | D:9      | Identified the +1 robe "Timi" {rCorr} (You found it on
                  | level 9 of the Dungeon)
  9346 | D:9      | Found a shimmering altar of Xom.
  9860 | D:10     | Entered Level 10 of the Dungeon
  9860 | D:10     | Found Jedyt's Magic Scroll Shop.
  9860 | D:10     | Noticed a two-headed ogre
  9874 | D:9      | Killed a two-headed ogre
  9875 | D:9      | Reached XP level 11. HP: 73/94 MP: 10/10
  9878 | D:9      | Reached skill level 10 in Long Blades
 10088 | D:10     | Bought a scroll of random uselessness for 11 gold pieces
 10153 | D:10     | You fall into a shaft and drop 1 floor!
 10163 | D:11     | Found a gate leading to a gauntlet.
 10168 | Gauntlet | Entered a Gauntlet
 10168 | Gauntlet | Found a transporter.
 10169 | Gauntlet | Noticed a death scarab
 10176 | Gauntlet | Found a transporter.
 10178 | Gauntlet | Found a transporter.
 10201 | Gauntlet | Got a pitted steel ring
 10218 | Gauntlet | Noticed a necromancer
 10445 | Gauntlet | Found a transporter.
 10445 | Gauntlet | Found a transporter.
 10445 | Gauntlet | Found a transporter.
 10446 | Gauntlet | Noticed a sun demon
 10446 | Gauntlet | Noticed a thrashing horror
 10453 | Gauntlet | Reached skill level 5 in Dodging
 10806 | Gauntlet | Found a runed translucent door.
 10815 | Gauntlet | Found a runed translucent door.
 10835 | Gauntlet | Identified the ring "Cutalasi" {MP+9 Stlth+} (You found it
                  | in a Gauntlet)
 10893 | Gauntlet | Found a runed translucent door.
 10912 | Gauntlet | Found a transporter.
 10914 | Gauntlet | Noticed a hell beast
 10923 | Gauntlet | Found a transporter.
 10932 | Gauntlet | Found a transporter.
 10934 | Gauntlet | Killed a thrashing horror
 10935 | Gauntlet | Reached skill level 11 in Maces & Flails
 11168 | Gauntlet | Identified the +3 halberd "Grum" {vorpal, rPois rF+++ Int+4
                  | Dex-5}
 11168 | Gauntlet | Identified the amulet "Neadaopp" {Acrobat rPois rC++}
 11168 | Gauntlet | Noticed a minotaur
 11175 | Gauntlet | Slain by a minotaur

Illustrated notes

Levels and vault maps discovered:
D:1:      minmay_arrival_wavy_path, layout_loops_ring, minmay_pentomino_t2
D:2:      layout_rooms, dk_noncrumbling_3
D:3:      layout_basic, amethyst_overflow_temple_binary
D:4:      minmay_recursive_quarters, layout_cave_pods, serial_shops,
          nicolae_shop_statue_plus, yredelemnul_altar_generic
D:5:      cheibrodos_iron_armory, layout_rooms, minmay_misc_feat_roman,
          kennysheep_decorative_pillar, grunt_dithmenos_smoke
D:6:      minmay_polygon_palace, layout_basic
D:7:      kennysheep_windowed_halls, layout_basic,
          minmay_temple_entry_drinking_statues, serial_shops,
          nicolae_shop_overgrown_old_shop, minmay_misc_feat_pillars,
          kennysheep_generic_room_10
D:8:      layout_loops_cross, minmay_lair_entry_grove, nicolae_ru_path_of_blood,
          uniq_erica
D:9:      layout_loops_corners, basic_altar
D:10:     layout_loops_ring, serial_shops, shop
D:11:     layout_irregular_city, gauntlet_entry_generic
Gauntlet: minmay_gauntlet_77_tree [minmay_gauntlet_arena_77_squiggly,
          minmay_gauntlet_arena_77_mirror,
          minmay_gauntlet_arena_77_tiled_triplets,
          minmay_gauntlet_arena_77_double_cross, minmay_gauntlet_arena_77_fan,
          minmay_gauntlet_arena_77_shame_cube, minmay_gauntlet_arena_77_path,
          gauntlet_exit_green]

Skill      XL: |  1  2  3  4  5  6  7  8  9 10 11 |
---------------+----------------------------------+-----
Fighting       | 4 5 6 7 8 |  8.5
Long Blades    | 4 5 6 7 9 10 | 10.5
Armour         | 3 4 5 6 8 |  8.2
Dodging        | 3 4 5 |  5.1
Short Blades   | 1 3 5 6 |  6.6
Maces & Flails | 5 9 10 11 | 11.0
Stealth        | 1 2 |  2.1
Shields        | 1 2 |  2.1
Throwing       | |  0.9

Action                   |  1- 3 |  4- 6 |  7- 9 | 10-12 || total
-------------------------+-------+-------+-------+-------++-------
Melee: Falchion          |    88 |     1 |       |       ||    89
       Headbutt          |    14 |    28 |    41 |    47 ||   130
       Rapier            |       |   125 |    56 |       ||   181
       Mace              |       |       |   153 |    34 ||   187
       Scimitar          |       |       |       |   151 ||   151
Throw: Dart              |       |       |     6 |       ||     6
Invok: Berserk           |       |     1 |     4 |     6 ||    11
  Use: Potion            |       |    11 |     3 |     3 ||    17
       Scroll            |       |     7 |     2 |     1 ||    10
 Stab: Sleeping          |       |       |     2 |       ||     2
Armor: Animal skin       |     5 |       |       |       ||     5
       Leather armour    |     9 |       |       |       ||     9
       Chain mail        |    10 |    66 |    45 |       ||   121
       Troll leather arm |       |       |    40 |       ||    40
       Fire dragon scale |       |       |    18 |    81 ||    99
Dodge: Dodged            |    56 |    62 |   157 |   114 ||   389
Block: Buckler           |       |       |       |    46 ||    46
       Rpst.: Falchion   |    16 |     1 |       |       ||    17
       Scimitar          |       |       |       |    25 ||    25
